 Dungeon Sprint DCSS version 0.25.1-2-g60ff931df9 (webtiles) character file.

Game seed: 6407018314165930821

1514 Cadaver the Devastator (level 9, -1/64 HPs)
             Began as a Human Conjurer on Nov 6, 2020.
             Was a High Priest of Vehumet.
             Succumbed to a black mamba's poison
             ... in the Dungeon (Sprint VII: "The Pits").
             The game lasted 00:08:43 (1385 turns).

Cadaver the Devastator (Human Conjurer)             Turns: 1385, Time: 00:08:44

Health: -1/64      AC:  9    Str:  9    XL:     9   Next: 9%
Magic:  19/20      EV: 12    Int: 19    God:    Vehumet [*****.]
Gold:   0          SH:  0    Dex: 13    Spells: 10/23 levels left

rFire    . . .     SeeInvis .   r - +2 quarterstaff (protect)
rCold    . . .     Gourm    .   (shield currently unavailable)
rNeg     . . .     Faith    .   a - +0 robe
rPois    .         Spirit   .   (no helmet)
rElec    .         Reflect  .   (no cloak)
rCorr    .         Harm     .   (no gloves)
MR       .....     NoTele   +   (no boots)
Stlth    +++.......             (no amulet)
HPRegen  0.20/turn              (no ring)
MPRegen  0.17/turn              (no ring)

@: lethally poisoned (-1 -> -40), protection aura, berserk cooldown, slowed,
very slow
A: no striking features
a: Renounce Religion


You were in the Dungeon.
You worshipped Vehumet.
Vehumet was extremely pleased with you.
You were hungry.

You visited 1 branch

Inventory:

Hand Weapons
 h - a +2 quarterstaff
 r - a +2 quarterstaff of protection (weapon)
Missiles
 p - 11 stones (quivered)
Armour
 a - a +0 robe (worn)
Magical Staves
 q - an uncursed staff of energy
Scrolls
 i - a scroll of blinking
 l - 3 scrolls of remove curse
 m - 5 scrolls of amnesia
 n - a scroll of summoning
 o - 2 scrolls of vulnerability
Potions
 d - 6 potions of curing
 e - 5 potions of heal wounds
 f - a potion of haste
 g - 4 potions of magic
 j - a potion of berserk rage
 k - 2 potions of invisibility
Comestibles
 c - 9 rations


   Skills:
 + Level 3.3 Fighting
 + Level 4.2 Staves
 - Level 2.0 Dodging
 + Level 5.3 Stealth
 + Level 7.7 Spellcasting
 + Level 15.3 Conjurations
 + Level 1.3 Translocations


You had 10 spell levels left.
You knew the following spells:

 Your Spells              Type           Power        Failure   Level  Hunger
a - Magic Dart            Conj           ####         0%          1    None
b - Searing Ray           Conj           ######       1%          2    None
c - Dazzling Flash        Conj/Hex       #####.       1%          3    #......
d - Iskenderun's Mystic   Conj/Tloc      #####...     1%          4    ###....
e - Ignite Poison         Fire/Tmut/Pois #.......     8%          3    #......

Your spell library contained the following spells:

 Spells                   Type           Power        Failure   Level  Hunger
 Conjure Ball Lightning   Conj/Air       #####.....   16%         6    ######.
 Fulminant Prism          Conj/Hex       #####.....   1%          4    ###....


Dungeon Overview and Level Annotations

Branches:
Dungeon (1/1)

Altars:
Ashenzari
Cheibriados
Dithmenos
Elyvilon
Fedhas
Gozag
Hepliaklqana
Kikubaaqudgha
Makhleb
Nemelex Xobeh
Okawaru
Qazlal
Ru
Sif Muna
Trog
Uskayaw
Vehumet
Wu Jian
Xom
Yredelemnul
Zin
The Shining One
Beogh
Jiyva
Lugonu


Message History

You feel your power returning.
Your Fighting skill increases to level 3!
Your Staves skill increases to level 4!
Your Conjurations skill increases to level 15!
You have reached level 9!
Your experience leads to an increase in your attributes!
Increase (S)trength, (I)ntelligence, or (D)exterity?
You feel clever.
* * * LOW HITPOINT WARNING * * *
You feel very sick.
You are too berserk!
* * * LOW HITPOINT WARNING * * *
You feel sick.
You feel a strong urge to attack something.
* * * LOW HITPOINT WARNING * * *
You feel very sick.
You are no longer berserk.
You are exhausted.
You feel yourself slow down.
You die...

#.#..#..#..##.......#
#.##'#..#'###...<...#
#.#..).....##.......#
#†#........##.......#
#'###########.......#
#.......#..##########
#...#...#.######
#...#...#.#....#
#.##.##@#'#....#
#...#...#.'...S+
#...#...#†#
#.......')#
###########


There were no monsters in sight!

Vanquished Creatures
  A black mamba (D)
  A blink frog (D)
  A flying skull (D)
  2 vampire mosquitoes (D)
  A floating eye (D)
  A porcupine (D)
  A phantom (D)
  A big kobold (D)
  Blork the orc (D)
  A gnoll sergeant (D)
  A crimson imp (D)
  An iguana (D)
  A mummy (D)
  A gnoll (D)
  A river rat (D)
  An ufetubus (D)
  2 orcs (D)
  A giant cockroach (D)
  A goblin (D)
  2 quokkas (D)
  A ball python (D)
  A kobold (D)
  A rat (D)
26 creatures vanquished.

Notes
Turn   | Place    | Note
-------+----------+-------------------------------------------
     0 | D        | Cadaver the Human Conjurer began the quest for the Orb.
     0 | D        | Reached XP level 1. HP: 13/13 MP: 3/3
    12 | D        | Reached skill level 5 in Conjurations
    12 | D        | Reached XP level 2. HP: 19/19 MP: 3/5
    45 | D        | Found a glowing golden altar of the Shining One.
    45 | D        | Found a glowing silver altar of Zin.
    45 | D        | Found a basalt altar of Yredelemnul.
    45 | D        | Found a shimmering altar of Xom.
    45 | D        | Found an ornate altar of the Wu Jian Council.
    45 | D        | Found a bloodstained altar of Trog.
    45 | D        | Found a shimmering blue altar of Sif Muna.
    45 | D        | Found a sacrificial altar of Ru.
    45 | D        | Found a stormy altar of Qazlal.
    45 | D        | Found an iron altar of Okawaru.
    45 | D        | Found a sparkling altar of Nemelex Xobeh.
    45 | D        | Found a burning altar of Makhleb.
    45 | D        | Found a viscous altar of Jiyva.
    45 | D        | Found a hazy altar of Hepliaklqana.
    45 | D        | Found an opulent altar of Gozag.
    45 | D        | Found a blossoming altar of Fedhas.
    45 | D        | Found a white marble altar of Elyvilon.
    45 | D        | Found a shadowy altar of Dithmenos.
    45 | D        | Found a snail-covered altar of Cheibriados.
    46 | D        | Found a radiant altar of Vehumet.
    46 | D        | Found a corrupted altar of Lugonu.
    46 | D        | Found a roughly hewn altar of Beogh.
    47 | D        | Found a hide-covered altar of Uskayaw.
    47 | D        | Found an ancient bone altar of Kikubaaqudgha.
    47 | D        | Found a shattered altar of Ashenzari.
    54 | D        | Became a worshipper of Vehumet
    77 | D        | Learned a level 2 spell: Searing Ray
    80 | D        | Reached skill level 6 in Conjurations
   151 | D        | Reached * piety under Vehumet
   151 | D        | Offered knowledge of Freeze by Vehumet.
   151 | D        | Reached XP level 3. HP: 24/24 MP: 3/6
   162 | D        | Learned a level 3 spell: Dazzling Flash
   201 | D        | Reached ** piety under Vehumet
   292 | D        | Offered knowledge of Sandblast by Vehumet.
   381 | D        | Noticed a phantom
   381 | D        | Noticed a floating eye
   381 | D        | Noticed a big kobold
   396 | D        | Reached *** piety under Vehumet
   396 | D        | Reached skill level 7 in Conjurations
   431 | D        | Paralysed by a floating eye for 4 turns
   436 | D        | Killed a floating eye
   436 | D        | Reached skill level 1 in Staves
   436 | D        | Reached skill level 9 in Conjurations
   436 | D        | Reached XP level 4. HP: 31/31 MP: 6/9
   436 | D        | Reached XP level 5. HP: 36/36 MP: 6/10
   442 | D        | Learned a level 4 spell: Iskenderun's Mystic Blast
   466 | D        | Noticed a porcupine
   468 | D        | Noticed Blork the orc
   476 | D        | Killed Blork the orc
   476 | D        | Offered knowledge of Ignite Poison by Vehumet.
   476 | D        | Reached skill level 1 in Fighting
   476 | D        | Reached skill level 10 in Conjurations
   476 | D        | Reached XP level 6. HP: 43/43 MP: 7/12
   502 | D        | Reached skill level 11 in Conjurations
   583 | D        | Killed a porcupine
   583 | D        | Reached **** piety under Vehumet
   583 | D        | Reached skill level 5 in Spellcasting
   583 | D        | Reached skill level 12 in Conjurations
   583 | D        | Reached XP level 7. HP: 48/48 MP: 10/14
   588 | D        | Learned a level 3 spell: Ignite Poison
   607 | D        | Offered knowledge of Conjure Flame by Vehumet.
   912 | D        | Offered knowledge of Static Discharge by Vehumet.
   912 | D        | Reached skill level 13 in Conjurations
   932 | D        | Noticed a blink frog
   940 | D        | Killed a blink frog
   940 | D        | Reached XP level 8. HP: 48/55 MP: 6/17
  1118 | D        | Noticed a flying skull
  1122 | D        | Reached ***** piety under Vehumet
  1122 | D        | Offered knowledge of Conjure Ball Lightning by Vehumet.
  1124 | D        | Killed a flying skull
  1124 | D        | Reached skill level 5 in Stealth
  1124 | D        | Reached skill level 14 in Conjurations
  1199 | D        | Noticed a black mamba
  1219 | D        | Reached skill level 1 in Translocations
  1382 | D        | Killed a black mamba
  1382 | D        | Reached skill level 15 in Conjurations
  1382 | D        | Reached XP level 9. HP: 9/64 MP: 18/20
  1384 | D        | HP: 2/96 [poisoned by a black mamba]
  1385 | D        | Succumbed to a black mamba's poison

Illustrated notes

Levels and vault maps discovered:
D:        pitsprint [storerooms_1, entrance_room_1, metal_vault_7, armoury_2,
          mini_pit_1, grid_room_1, main_hall_1, silver_pit, the_coven_3,
          the_vestibule_1, steel_vault_3, golden_pit, hallway_of_sentries,
          crystal_vault_1, iron_vault_1, final_vault]

Skill      XL: |  1  2  3  4  5  6  7  8 |
---------------+-------------------------+-----
Conjurations   | 5 6 9 10 12 13 15 | 15.3
Staves         | 1 2 4 |  4.2
Stealth        | 3 4 5 |  5.3
Spellcasting   | 3 4 5 6 7 |  7.7
Fighting       | 1 3 |  3.3
Translocations | 1 |  1.3
Dodging        | |  2.0

Action                   |  1- 3 |  4- 6 |  7- 9 || total
-------------------------+-------+-------+-------++-------
Melee: Unarmed           |     2 |       |       ||     2
       Quarterstaff      |     3 |       |    10 ||    13
 Cast: Magic Dart        |     8 |     3 |     2 ||    13
       Searing Ray       |     5 |     4 |    10 ||    19
       Iskenderun's Myst |       |       |     1 ||     1
  Use: Potion            |     1 |       |     2 ||     3
  Eat: Chunk             |       |       |     1 ||     1
Armor: Robe              |       |       |     2 ||     2
Dodge: Dodged            |       |     2 |    18 ||    20
